[ AOE2 MATCH · #484314985 ]
1v1 RMBurgundians vs Burgundians
[ REPLAY ANALYSIS · EXTRACTED FROM THE RECORDED GAME ]
Feudal
12:03
Castle
15:58
Imperial
30:08
| APM avg | 25.6 |
| APM peak | 64 |
| eAPM avg | 14.4 |
| Villagers / military | 128 / 556 |
Focus
⚔️ 38.8% · 🌾 61.2%
Spearman ×206 · Hand Cannoneer ×179 · Scout Cavalry ×122 · Skirmisher ×29 · Trebuchet (Packed) ×14 · Monk ×4
Feudal
10:50
Castle
17:31
Imperial
36:54
| APM avg | 27.5 |
| APM peak | 48 |
| eAPM avg | 16.3 |
| Villagers / military | 150 / 266 |
Focus
⚔️ 29.8% · 🌾 70.2%
Knight ×114 · Skirmisher ×68 · Hand Cannoneer ×42 · Scout Cavalry ×26 · Trebuchet (Packed) ×7 · Bombard Cannon ×5
Match map
Initial resources + every placement click. Lines = walls · curves = elevation contours. ◆ gold · ⬟ stone · ● berries · ✦ relic · ◌ wall gap
Your base· Open — 14t gap
Cookie's base· Open — 7t gap
Smoothed initial terrain · ◌ = detected wall gap · hover for details
Inputs per minute
— CryAndDie - - Cookie
Build order — CryAndDie
First 150 of 419 actions detected
| 0:01 | Create | Villager (Male) |
| 0:01 | Create | Villager (Male) |
| 0:02 | Create | Villager (Male) |
| 0:04 | Build | House |
| 0:05 | Build | House |
| 0:50 | Create | Villager (Male) |
| 1:25 | Create | Villager (Male) |
| 1:54 | Create | Villager (Male) |
| 2:33 | Create | Villager (Male) |
| 2:57 | Create | Villager (Male) |
| 3:17 | Build | Lumber Camp |
| 3:19 | Create | Villager (Male) |
| 3:29 | Build | House |
| 3:30 | Build | House |
| 3:32 | Build | House |
| 3:53 | Create | Villager (Male) |
| 4:17 | Create | Villager (Male) |
| 4:22 | Build | Mill |
| 4:46 | Create | Villager (Male) |
| 4:48 | Build | House |
| 5:18 | Create | Villager (Male) |
| 5:18 | Create | Villager (Male) |
| 5:33 | Create | Villager (Male) |
| 5:51 | Build | Farm |
| 6:11 | Build | Farm |
| 6:20 | Create | Villager (Male) |
| 6:21 | Create | Villager (Male) |
| 6:59 | Create | Villager (Male) |
| 6:59 | Create | Villager (Male) |
| 6:59 | Create | Villager (Male) |
| 8:15 | Create | Villager (Male) |
| 8:19 | Create | Villager (Male) |
| 8:19 | Create | Villager (Male) |
| 9:12 | Build | Mining Camp |
| 9:51 | Research | Feudal Age |
| 9:59 | Build | Barracks |
| 10:03 | Build | House |
| 10:19 | Create | Villager (Male) |
| 10:19 | Create | Villager (Male) |
| 10:20 | Create | Villager (Male) |
| 11:14 | Build | Palisade Wall |
| 12:03 | Age | Feudal Age |
| 12:08 | Build | Archery Range |
| 12:15 | Build | Blacksmith |
| 12:23 | Research | Horse Collar |
| 13:05 | Research | Castle Age |
| 13:06 | Research | Heavy Plow |
| 13:35 | Create | Villager (Male) |
| 13:43 | Research | Double-Bit Axe |
| 14:05 | Research | Stone Mining |
| 14:18 | Research | Bow Saw |
| 14:30 | Research | Wheelbarrow |
| 14:53 | Build | Farm |
| 14:56 | Build | Farm |
| 14:58 | Build | Farm |
| 15:01 | Build | Farm |
| 15:04 | Build | Farm |
| 15:07 | Build | Farm |
| 15:13 | Research | Town Watch |
| 15:58 | Age | Castle Age |
| 16:04 | Build | Town Center |
| 16:18 | Build | Town Center |
| 16:24 | Build | Farm |
| 16:32 | Build | Farm |
| 16:42 | Build | House |
| 16:45 | Build | House |
| 16:47 | Build | House |
| 17:14 | Create | Villager (Male) |
| 17:14 | Create | Villager (Male) |
| 17:22 | Build | Farm |
| 17:35 | Build | House |
| 17:38 | Build | Farm |
| 17:41 | Create | Villager (Male) |
| 17:41 | Create | Villager (Male) |
| 17:59 | Build | Farm |
| 18:00 | Build | Farm |
| 18:01 | Build | Farm |
| 18:04 | Build | Farm |
| 18:05 | Build | Farm |
| 18:05 | Build | Farm |
| 18:05 | Build | Farm |
| 18:06 | Create | Villager (Male) ×5 |
| 18:18 | Build | Farm |
| 18:24 | Create | Villager (Male) |
| 18:25 | Create | Villager (Male) |
| 18:31 | Build | Farm |
| 18:43 | Create | Villager (Male) |
| 18:43 | Create | Villager (Male) |
| 18:45 | Build | Farm |
| 19:00 | Build | House |
| 19:03 | Build | Farm |
| 19:07 | Build | House |
| 19:16 | Build | House |
| 19:17 | Create | Villager (Male) ×4 |
| 19:55 | Build | Town Center |
| 20:03 | Create | Villager (Male) ×5 |
| 20:08 | Build | House |
| 20:09 | Build | House |
| 20:11 | Build | House |
| 20:12 | Build | House |
| 20:13 | Build | House |
| 20:20 | Build | Stone Wall |
| 20:24 | Create | Villager (Male) ×3 |
| 20:33 | Research | Gold Mining |
| 20:48 | Build | Farm |
| 20:53 | Build | Farm |
| 20:57 | Build | Farm |
| 20:57 | Build | Farm |
| 21:00 | Build | Farm |
| 21:04 | Create | Villager (Male) |
| 21:06 | Create | Villager (Male) ×3 |
| 21:11 | Create | Spearman |
| 21:37 | Create | Villager (Male) |
| 21:39 | Create | Villager (Male) ×3 |
| 21:49 | Build | Monastery |
| 21:57 | Build | Mill |
| 21:58 | Build | Farm |
| 21:59 | Build | Farm |
| 22:00 | Build | Farm |
| 22:01 | Build | Farm |
| 22:02 | Create | Villager (Male) |
| 22:16 | Build | Town Center |
| 22:26 | Build | Town Center |
| 22:28 | Create | Villager (Male) ×4 |
| 22:28 | Create | Villager (Male) ×4 |
| 22:33 | Build | Farm |
| 22:37 | Build | Farm |
| 22:39 | Create | Monk |
| 23:01 | Build | Stone Wall |
| 23:05 | Build | Gate |
| 23:06 | Create | Villager (Male) |
| 23:06 | Create | Villager (Male) ×4 |
| 23:09 | Build | Farm |
| 23:13 | Build | House |
| 23:14 | Build | House |
| 23:15 | Build | House |
| 23:16 | Build | House |
| 23:25 | Create | Villager (Male) |
| 23:37 | Build | Stone Wall |
| 23:42 | Build | Gate |
| 23:43 | Create | Villager (Male) ×5 |
| 23:43 | Create | Villager (Male) |
| 23:55 | Create | Monk |
| 23:56 | Create | Monk |
| 23:58 | Create | Villager (Male) ×3 |
| 24:14 | Build | Mill |
| 24:15 | Build | Farm |
| 24:18 | Build | Farm |
| 24:19 | Build | Farm |
| 24:21 | Build | Farm |
Build order — Cookie
First 150 of 408 actions detected
| 0:01 | Create | Villager (Male) |
| 0:03 | Build | House |
| 0:05 | Build | House |
| 0:15 | Create | Villager (Male) |
| 0:15 | Create | Villager (Male) |
| 0:15 | Create | Villager (Male) |
| 1:31 | Create | Villager (Male) |
| 1:51 | Build | Lumber Camp |
| 1:58 | Create | Villager (Male) |
| 2:24 | Create | Villager (Male) |
| 3:08 | Create | Villager (Male) |
| 3:12 | Create | Villager (Male) |
| 3:16 | Build | House |
| 3:37 | Create | Villager (Male) |
| 4:01 | Create | Villager (Male) |
| 4:29 | Create | Villager (Male) |
| 4:45 | Create | Villager (Male) |
| 4:59 | Build | Dock |
| 5:07 | Create | Villager (Male) |
| 5:40 | Create | Fishing Ship |
| 5:54 | Build | House |
| 6:00 | Create | Villager (Male) |
| 6:28 | Create | Fishing Ship |
| 6:31 | Create | Villager (Male) |
| 6:33 | Create | Villager (Male) |
| 6:56 | Create | Villager (Male) |
| 7:06 | Build | House |
| 7:50 | Create | Villager (Male) |
| 8:05 | Create | Villager (Male) |
| 8:19 | Build | Mill |
| 8:40 | Research | Feudal Age |
| 8:41 | Create | Fishing Ship |
| 9:14 | Research | Loom |
| 9:18 | Build | Lumber Camp |
| 9:34 | Research | Double-Bit Axe |
| 9:47 | Build | Palisade Gate |
| 9:49 | Build | House |
| 10:01 | Build | House |
| 10:03 | Build | House |
| 10:03 | Build | House |
| 10:16 | Build | Farm |
| 10:17 | Research | Horse Collar |
| 10:43 | Build | Farm |
| 10:45 | Build | Farm |
| 10:47 | Build | Farm |
| 10:50 | Age | Feudal Age |
| 10:59 | Build | Farm |
| 11:02 | Build | Farm |
| 11:06 | Build | Farm |
| 11:09 | Create | Villager (Male) |
| 11:23 | Build | Farm |
| 11:30 | Create | Villager (Male) |
| 11:43 | Build | Palisade Gate |
| 11:47 | Build | House |
| 11:56 | Build | Farm |
| 11:58 | Create | Villager (Male) |
| 12:02 | Build | House |
| 12:21 | Build | Market |
| 12:43 | Build | Farm |
| 12:46 | Create | Villager (Male) |
| 12:47 | Create | Villager (Male) |
| 13:14 | Build | Mining Camp |
| 13:17 | Create | Villager (Male) |
| 13:28 | Create | Trade Cart |
| 13:35 | Build | Blacksmith |
| 13:46 | Build | Outpost |
| 13:48 | Create | Villager (Male) |
| 13:56 | Build | Palisade Wall |
| 14:02 | Build | Palisade Gate |
| 14:09 | Create | Villager (Male) |
| 14:17 | Build | House |
| 14:41 | Create | Fishing Ship |
| 14:49 | Research | Castle Age |
| 14:58 | Build | Palisade Wall |
| 15:02 | Build | Palisade Wall |
| 15:12 | Build | House |
| 15:14 | Build | House |
| 15:17 | Build | Stone Wall |
| 15:21 | Build | Outpost |
| 15:23 | Create | Villager (Male) |
| 15:32 | Research | Bow Saw |
| 16:07 | Build | Barracks |
| 16:17 | Build | Outpost |
| 16:30 | Research | Town Watch |
| 16:49 | Build | House |
| 16:50 | Build | Stone Wall |
| 16:56 | Build | Outpost |
| 17:06 | Create | Spearman |
| 17:15 | Build | Stone Wall |
| 17:31 | Age | Castle Age |
| 17:36 | Build | House |
| 17:50 | Build | Town Center |
| 17:57 | Build | Outpost |
| 18:04 | Create | Villager (Male) |
| 18:31 | Build | Farm |
| 18:44 | Build | Outpost |
| 19:00 | Create | Villager (Male) |
| 19:19 | Create | Villager (Male) |
| 19:20 | Create | Villager (Male) |
| 19:25 | Build | Farm |
| 19:34 | Create | Villager (Male) |
| 19:43 | Build | Stable |
| 20:07 | Create | Villager (Male) |
| 20:11 | Build | Outpost |
| 20:18 | Create | Knight |
| 20:21 | Research | Gold Mining |
| 20:30 | Build | Stable |
| 20:34 | Research | Scale Barding Armor |
| 20:34 | Research | Forging |
| 20:50 | Build | Outpost |
| 20:56 | Create | Villager (Male) |
| 20:58 | Research | Wheelbarrow |
| 21:05 | Research | Stone Mining |
| 21:09 | Create | Villager (Male) |
| 21:30 | Build | Outpost |
| 21:33 | Create | Villager (Male) |
| 21:46 | Create | Villager (Male) |
| 21:55 | Build | Outpost |
| 21:58 | Create | Villager (Male) |
| 22:08 | Create | Villager (Male) |
| 22:21 | Build | Farm |
| 22:24 | Build | Farm |
| 22:34 | Build | Outpost |
| 22:36 | Create | Villager (Male) |
| 22:44 | Create | Knight |
| 22:45 | Create | Knight |
| 22:48 | Research | Cavalier (upgrade) |
| 22:51 | Research | Chain Barding Armor |
| 22:57 | Build | Outpost |
| 22:59 | Create | Villager (Male) |
| 23:26 | Build | Farm |
| 23:36 | Build | Outpost |
| 23:44 | Create | Villager (Male) |
| 23:50 | Build | Outpost |
| 24:00 | Create | Villager (Male) ×5 |
| 24:23 | Build | Town Center |
| 24:34 | Build | Outpost |
| 24:48 | Build | Mining Camp |
| 24:50 | Create | Villager (Male) |
| 24:52 | Create | Villager (Male) |
| 24:55 | Create | Knight |
| 24:56 | Create | Knight |
| 25:06 | Create | Villager (Male) |
| 25:12 | Create | Villager (Male) |
| 25:12 | Create | Villager (Male) |
| 25:13 | Create | Knight |
| 25:13 | Create | Knight |
| 25:31 | Build | Monastery |
| 26:00 | Build | Outpost |
| 26:06 | Create | Knight |
Match timeline
| 4:59 | Cookie · first_building Dock |
| 9:59 | CryAndDie · first_building Barracks |
| 10:50 | Cookie · age_up feudal |
| 11:14 | CryAndDie · wall_segment Palisade Wall x1 |
| 12:03 | CryAndDie · age_up feudal |
| 12:08 | CryAndDie · first_building Archery Range |
| 13:56 | Cookie · wall_segment Palisade Wall x6 |
| 14:37 | Cookie · first_market_sell 100 wood |
| 14:58 | Cookie · wall_segment Palisade Wall x7 |
| 15:02 | Cookie · wall_segment Palisade Wall x1 |
| 15:17 | Cookie · wall_segment Stone Wall x3 |
| 15:58 | CryAndDie · age_up castle |
| 16:07 | Cookie · first_building Barracks |
| 16:50 | Cookie · wall_segment Stone Wall x1 |
| 17:15 | Cookie · wall_segment Stone Wall x1 |
| 17:31 | Cookie · age_up castle |
| 19:43 | Cookie · first_building Stable |
| 20:20 | CryAndDie · wall_segment Stone Wall x6 |
| 21:49 | CryAndDie · first_building Monastery |
| 23:01 | CryAndDie · wall_segment Stone Wall x4 |
| 23:37 | CryAndDie · wall_segment Stone Wall x11 |
| 24:07 | Cookie · first_market_buy 100 wood |
| 24:52 | CryAndDie · first_building Castle |
| 25:31 | Cookie · first_building Monastery |
| 26:50 | CryAndDie · wall_segment Stone Wall x5 |
| 26:52 | CryAndDie · wall_segment Stone Wall x4 |
| 26:56 | CryAndDie · wall_segment Stone Wall x9 |
| 29:08 | CryAndDie · wall_segment Stone Wall x7 |
| 29:11 | CryAndDie · wall_segment Stone Wall x3 |
| 30:08 | CryAndDie · age_up imperial |
| 30:12 | Cookie · first_building Siege Workshop |
| 30:38 | Cookie · first_building Castle |
| 30:42 | CryAndDie · first_building Siege Workshop |
| 32:13 | Cookie · first_building Archery Range |
| 36:54 | Cookie · age_up imperial |
| 37:26 | Cookie · wall_segment Stone Wall x1 |
| 39:32 | CryAndDie · first_building Stable |
| 58:47 | CryAndDie · first_market_buy 100 stone |
| 59:49 | Cookie · resign |
[ AI ANALYSIS · 1 CREDIT ]
What really happened in this match?
Wolo.gg analyzes every decision: build order, eco, micro, common mistakes by bracket. Personalized analysis on WhatsApp or Discord in 30 seconds.
Civ guide
Burgundians
Map guide
MegaRandom
Perfil
CryAndDie